Map: Ascension to Aiur LE

Players

Majestuoso (MajeStic)

  • Race: Protoss Protoss
  • Spawn Location: 11:00

DeMusliM - Winner!

  • Race: Terran Terran
  • League: Grandmaster
  • Spawn Location: 5:00

Event: WESG Barcelona European Finals 2017

VOD

Have the link to the VOD?

Description

Time

  • Played on: Nov. 24, 2017, 12:39 p.m.
  • Length: 10:59

All games in this series

Show
View Real Time Build Order
Export as new Build Order

Majestuoso Protoss 

Build Orders: 1 Gate Expand 

Get SALT Encoding   

  12  0:00  Probe  
  13  0:12  Probe  
  14  0:17  Pylon  
  14  0:25  Probe (Chrono Boost)  
  15  0:37  Probe (Chrono Boost), Gateway  
  17  0:45  Probe (Chrono Boost)  
  17  0:47  Assimilator  
  17  0:51  Probe  
  18  1:03  Probe (Chrono Boost)  
  20  1:14  Probe (Chrono Boost)  
  20  1:22  Nexus  
  20  1:32  Cybernetics Core  
  20  1:35  Probe  
  21  1:40  Assimilator  
  21  1:47  Probe  
  21  1:53  Pylon  
  22  1:59  Probe (Chrono Boost)  
  22  2:11  Probe (Chrono Boost), Stalker  
  22  2:12  Warp Gate  
  25  2:18  Probe (Chrono Boost)  
  26  2:25  Probe  
  27  2:30  Robotics Facility  
  27  2:34  Probe (Chrono Boost)  
  30  2:46  Probe (Chrono Boost)  
  30  2:47  Probe (Chrono Boost)  
  30  2:48  Probe (Chrono Boost)  
  30  2:50  Probe  
  32  2:53  Stalker (Chrono Boost)  
  34  3:00  Probe  
  34  3:04  Shield Battery  
  32  3:13  Pylon  
  31  3:23  Stalker (Chrono Boost)  
  33  3:32  Immortal  
  36  3:39  Shield Battery  
  36  3:43  Stalker  
  38  3:55  Robotics Bay  
  38  4:03  Pylon  
  38  4:05  Pylon  
  38  4:19  Nexus  
  39  4:24  Observer (Chrono Boost)  
  39  4:26  Probe  
  40  4:38  Warp Prism  
  40  4:39  Probe  
  40  4:44  Gravitic Drive  
  43  4:55  Probe  
  44  5:02  Pylon  
  44  5:07  Probe  
  45  5:12  Sentry  
  47  5:20  Probe, Disruptor (Chrono Boost)  
  51  5:23  Gateway  
  51  5:30  Gateway  
  51  5:33  Probe x2  
  56  5:45  Probe  
  56  5:46  Probe, Disruptor (Chrono Boost)  
  57  5:52  Sentry  
  59  5:57  Probe  
  59  5:59  Gateway  
  59  6:01  Gateway  
  59  6:03  Probe  
  61  6:16  Warp Prism (Chrono Boost)  
  61  6:20  Stalker  
  61  6:23  Pylon  
  60  6:32  Gateway x2  
  60  6:34  Pylon  
  60  6:38  Assimilator  
  60  6:39  Probe (Chrono Boost)  
  62  6:46  Probe (Chrono Boost)  
  62  6:51  Probe x2 (Chrono Boost)  
  64  6:54  Shield Battery  
  64  6:56  Observer  
  65  7:02  Probe  
  66  7:22  Stalker x3  
  70  7:23  Stalker x2  
  70  7:28  Pylon, Stalker  
  79  7:30  Probe x2  
  79  7:32  Assimilator, Stalker  
  82  7:42  Probe x2  
  74  7:51  Sentry, Stalker x3  
  64  7:54  Probe x2  
  65  8:05  Disruptor (Chrono Boost)  
  68  8:14  Sentry  
  68  8:19  Nexus  
  70  8:22  Pylon  
  70  8:25  Stalker x2  
  70  8:26  Shield Battery  
  74  8:33  Shield Battery  
  74  8:34  Zealot x2  
  76  8:40  Disruptor (Chrono Boost)  
  76  8:43  Zealot x3  
  82  8:54  Twilight Council  
  82  8:59  Nexus  
  82  9:02  Pylon  
  82  9:07  Disruptor (Chrono Boost)  
  85  9:12  Shield Battery  
  85  9:20  Shield Battery  
  85  9:23  Shield Battery  
  85  9:27  Sentry  
  85  9:28  Pylon  
  87  9:31  Pylon  
  87  9:33  Disruptor (Chrono Boost)  
  89  10:00  Nexus  
  89  10:03  Pylon  
  89  10:07  Dark Shrine  
  90  10:08  Observer (Chrono Boost)  
  90  10:11  Stalker x2  
  94  10:15  Probe x2  
  94  10:18  Pylon  
  94  10:19  Forge  
  94  10:22  Stalker  
  94  10:23  Stalker  
  94  10:25  Stalker  
  100  10:35  Stalker x2  
  89  10:43  Zealot x2  
  89  10:47  Zealot x2  
Show
View Real Time Build Order
Export as new Build Order

DeMusliM Terran - Winner!

Build Orders: Cyclone Opening, MMM Bio 

Get SALT Encoding   

  12  0:00  SCV  
  13  0:13  SCV  
  14  0:17  Supply Depot  
  14  0:25  SCV  
  15  0:30  Refinery  
  15  0:38  SCV  
  16  0:44  Barracks  
  16  0:50  SCV  
  17  1:03  SCV  
  18  1:15  SCV  
  19  1:31  Marine, Orbital Command  
  20  1:34  Factory  
  20  1:48  Supply Depot  
  20  1:49  Marine  
  21  1:58  SCV  
  22  2:07  Marine  
  23  2:10  SCV, Engineering Bay  
  24  2:17  Cyclone  
  24  2:20  Supply Depot  
  27  2:23  SCV  
  27  2:24  Marine  
  29  2:35  SCV  
  30  2:42  Marine  
  31  2:47  SCV  
  31  2:49  Cyclone  
  35  2:56  Supply Depot  
  35  2:59  SCV  
  35  3:05  Marine  
  36  3:09  Missile Turret  
  36  3:11  SCV  
  38  3:25  Cyclone  
  38  3:26  SCV  
  42  3:29  Supply Depot  
  42  3:38  SCV  
  43  3:48  Command Center  
  43  3:52  SCV  
  43  3:53  Barracks Reactor, Refinery  
  44  4:04  SCV  
  44  4:06  Barracks  
  45  4:19  SCV  
  45  4:23  Barracks  
  46  4:30  Marine  
  46  4:31  SCV, Marine  
  49  4:36  Starport  
  49  4:43  SCV  
  50  4:47  Terran Infantry Weapons Level 1  
  50  4:55  Barracks Tech Lab, SCV, Marine x2  
  50  4:59  Orbital Command  
  53  5:12  Barracks Tech Lab, Viking  
  55  5:14  Missile Turret  
  55  5:16  Orbital Command  
  55  5:22  SCV  
  55  5:24  Bunker  
  55  5:25  Stimpack  
  55  5:27  Missile Turret  
  56  5:31  Marine x2  
  56  5:34  Marine  
  59  5:36  SCV  
  60  5:45  Starport Reactor  
  60  5:50  Marine x2  
  60  5:51  Marine  
  60  5:53  SCV x2  
  65  5:59  Supply Depot  
  65  6:01  Marine  
  66  6:05  SCV, Refinery  
  67  6:16  Marine x3  
  66  6:21  SCV  
  66  6:22  SCV  
  66  6:24  Medivac x2  
  66  6:25  Supply Depot  
  72  6:30  Combat Shields  
  72  6:33  SCV  
  72  6:34  SCV  
  72  6:35  Marine x2  
  72  6:39  Supply Depot  
  76  6:42  Marine x2  
  76  6:46  SCV x2  
  80  6:53  Marine x2  
  82  6:56  Supply Depot  
  82  6:58  SCV x2  
  84  7:02  Terran Infantry Armor Level 1, Marauder x2  
  88  7:10  SCV x2  
  89  7:18  Marine x2  
  89  7:19  Viking x2  
  93  7:24  Marauder x2  
  86  7:45  Marauder x2  
  86  7:46  Marine  
  86  7:50  Marine  
  87  7:52  Viking x2  
  91  8:03  Marine, Command Center  
  87  8:05  Refinery  
  87  8:06  Marauder x2  
  87  8:08  Concussive Shells  
  87  8:12  Marine  
  92  8:16  SCV x2, Supply Depot  
  94  8:28  SCV x2, Marine, Barracks, Marauder x2  
  94  8:29  Barracks  
  101  8:34  Marine  
  101  8:37  Medivac  
  103  8:44  Supply Depot  
  103  8:46  Marine  
  103  8:47  SCV x2  
  106  8:49  Marauder x2  
  106  8:52  Medivac, Marine  
  108  8:59  Supply Depot  
  108  9:03  SCV  
  108  9:04  SCV  
  108  9:06  Marine  
  111  9:10  Marine, Marauder  
  111  9:11  Marauder  
  111  9:16  SCV x2  
  118  9:17  Orbital Command  
  118  9:19  Bunker  
  118  9:22  Barracks Tech Lab, Barracks Reactor  
  118  9:28  Marine x2  
  118  9:29  Medivac  
  122  9:32  SCV, Marauder x2  
  122  9:45  Marine  
  122  9:46  Marine, Marauder  
  122  9:51  Medivac  
  122  9:52  SCV x2  
  128  9:53  Marauder  
  128  9:55  Missile Turret  
  128  9:58  Marauder  
  127  10:00  Marine x2  
  127  10:01  Medivac  
  127  10:02  Factory  
  131  10:07  Marine, Marauder  
  131  10:11  Supply Depot, Marine  
  135  10:15  Marauder  
  135  10:16  SCV x2  
  135  10:18  Supply Depot  
  135  10:19  Refinery x2  
  135  10:20  Marauder  
  141  10:32  Supply Depot, Marine x2  
  141  10:33  Marine  
  141  10:34  Marauder  
  146  10:39  Marine  
Tags
 
Add a new tag
Caveats
  • Supply blocks, unpowered buildings, or Contaminate may cause inaccurate times.
  • Supply counts are checked every 10 seconds.